 Dungeon Crawl Stone Soup version 0.21-a0-71-g5e5ddd2 (webtiles) character file.

298 HAL9000 the Cudgeler (level 6, 0/94 HPs)
             Began as an Ogre Hunter on June 16, 2017.
             Was an Initiate of Wu Jian.
             Succumbed to an adder's poison
             ... on level 3 of the Dungeon on June 19, 2017.
             The game lasted 00:05:10 (2961 turns).

HAL9000 the Cudgeler (Ogre Hunter)                  Turns: 2961, Time: 00:05:12

Health: 0/94       AC: 23    Str: 19    XL:     6   Next: 36%
Magic:  6/6        EV:  1    Int: 12    God:    Wu Jian [......]
Gold:   52         SH:  0    Dex:  9    Spells: 5/5 levels left

rFire    . . .     SeeInvis .   a - +0 short sword
rCold    . . .     Gourm    .   (no shield)
rNeg     + + +     Faith    .   (armour currently unavailable)
rPois    +         Spirit   .   (helmet currently unavailable)
rElec    .         Reflect  .   (cloak currently unavailable)
rCorr    .         Harm     .   (gloves unavailable)
MR       .....     NoTele   +   (boots unavailable)
Stlth    +.........             (no amulet)
HPRegen  0.25/turn              s - ring of wizardry
MPRegen  0.10/turn              (no ring)

@: lethally poisoned (0 -> -3), tree-form
A: unfitting armour
a: Renounce Religion


You were on level 3 of the Dungeon.
You worshipped Wu Jian.
Wu Jian was noncommittal.
You were near starving.
You were a tree.
You visited 1 branch of the dungeon, and saw 3 of its levels.

You collected 52 gold pieces.

Inventory:

Hand Weapons
 a - a +0 short sword (weapon)
 k - a +0 whip
Missiles
 c - 5 large rocks (quivered)
 d - 2 throwing nets
Armour
 b - a +0 robe (melded)
Jewellery
 s - a ring of wizardry (left branch)
Scrolls
 i - a scroll of magic mapping {unknown}
 j - a scroll of enchant weapon {unknown}
 l - 4 scrolls of identify {unknown}
 o - 2 scrolls of fog {unknown}
 p - 2 scrolls of fear {unknown}
 q - a scroll of enchant armour {unknown}
 r - a scroll of teleportation {unknown}
 t - a scroll of remove curse {unknown}
Potions
 g - a potion of lignification
Comestibles
 f - a bread ration
 h - a royal jelly
 m - a meat ration
 n - 2 fruits


   Skills:
 - Level 4.3 Fighting
 + Level 4.9 Maces & Flails
 - Level 4.0 Throwing
 - Level 1.7 Dodging
 - Level 0.6 Stealth


You had 5 spell levels left.
You didn't know any spells.

Dungeon Overview and Level Annotations

Branches:
Dungeon (3/15)

Altars:
Fedhas
Hepliaklqana
Wu Jian


Innate Abilities, Weirdness & Mutations

You are too large for most types of armour.
((You have tough skin. (AC +1)))


Message History

There is a lethal amount of poison in your body!
There is a lethal amount of poison in your body!
There is a lethal amount of poison in your body!
There is a lethal amount of poison in your body!
There is a lethal amount of poison in your body!
* * * LOW HITPOINT WARNING * * *
You feel sick.
* * * LOW HITPOINT WARNING * * *
You feel sick.
* * * LOW HITPOINT WARNING * * *
You feel sick.
* * * LOW HITPOINT WARNING * * *
You feel sick.
* * * LOW HITPOINT WARNING * * *
You feel sick.
* * * LOW HITPOINT WARNING * * *
You feel sick.
* * * LOW HITPOINT WARNING * * *
You feel sick.
You die...

.# .# #### .# ...# .#
...###.# # #......#
###
#.########.###..##...#
#....................#
##........♣###..####.#
#.######.(........#
#(#.#.#....#..#
#.#.#.....## # #
#.#.###.#..# #. ##..#
#..##.# #.###
##.###.## .# ...#
#.....# #
####.#####...#.#


There were no monsters in sight!

Vanquished Creatures
  Grinder (D:3)
  Terence (D:2)
  4 adders
  An ooze (D:1)
  A worm (D:2)
  2 dart slugs (D:1)
  6 bats
  5 giant cockroaches
  6 goblins
  2 hobgoblins (D:1)
  A quokka (D:3)
  2 frilled lizards
  4 kobolds
  8 rats
44 creatures vanquished.

Notes
Turn   | Place    | Note
-------+----------+-------------------------------------------
     0 | D:1      | HAL9000 the Ogre Hunter began the quest for the Orb.
     0 | D:1      | Reached XP level 1. HP: 22/22 MP: 1/1
   393 | D:1      | Reached XP level 2. HP: 31/31 MP: 2/2
  1011 | D:1      | Reached XP level 3. HP: 25/40 MP: 3/3
  1245 | D:1      | Reached skill level 1 in Maces & Flails
  1364 | D:2      | Found a hazy altar of Hepliaklqana.
  1434 | D:2      | Found an ornate altar of the Wu Jian Council.
  1477 | D:2      | Became a worshipper of the Wu Jian Council
  2100 | D:2      | Noticed Terence
  2103 | D:2      | Killed Terence
  2103 | D:2      | Reached XP level 4. HP: 49/49 MP: 4/4
  2365 | D:2      | Found a blossoming altar of Fedhas.
  2576 | D:3      | Upgraded the game from 0.21-a0-59-g7b0e191 to 0.21-a0-71-g5e5ddd2
  2858 | D:3      | Noticed Grinder
  2862 | D:3      | Paralysed by Grinder for 5 turns
  2868 | D:3      | Killed Grinder
  2868 | D:3      | Reached XP level 5. HP: 33/55 MP: 5/5
  2868 | D:3      | Reached XP level 6. HP: 37/63 MP: 6/6
  2954 | D:3      | HP: 4/94 [poisoned by an adder]
  2959 | D:3      | HP: 2/94 [poisoned by an adder]
  2961 | D:3      | Succumbed to an adder's poison

Vault maps used:
D:1:      sevenhm_arrival_forest_fort_large_4
D:2:      overflow_temple_1_default, lemuel_doored_altar,
          nicolae_overflow_hidden_temple, grunt_decor_mini_mirrors, uniq_terence
D:3:      first_bread, uniq_grinder, uniq_crazy_yiuf_cottage

Skill      XL: |  1  2  3  4 |
---------------+-------------+-----
Fighting       | 3 4 |  4.3
Maces & Flails | 2 4 |  4.9
Throwing       | |  4.0
Dodging        | |  1.7
Stealth        | |  0.6

Action                   |  1- 3 |  4- 6 || total
-------------------------+-------+-------++-------
Melee: Short sword       |   130 |    49 ||   179
Throw: Large rock        |     4 |     3 ||     7
  Use: Potion            |       |     1 ||     1
 Stab: Sleeping          |     1 |     1 ||     2
  Eat: Chunk             |     2 |     3 ||     5
Armor: Robe              |    57 |    11 ||    68
       Skin              |       |     1 ||     1
Dodge: Dodged            |    71 |    34 ||   105
